 Dungeon Crawl Stone Soup version 0.19.4-12-gccf7e64 (webtiles) character file.

234 Sharradak the Bolt Thrower (level 5, 0/41 HPs)
             Began as a Demigod Hunter on Feb 27, 2017.
             Slain by a killer bee (1 damage)
             ... on level 3 of the Dungeon.
             The game lasted 00:18:09 (2108 turns).

Sharradak the Bolt Thrower (Demigod Hunter)         Turns: 2108, Time: 00:18:09

Health: 0/41       AC:  6    Str: 15    XL:     5   Next: 46%
Magic:  7/7        EV: 12    Int: 15    God:
Gold:   56         SH:  0    Dex: 18    Spells: 0 memorised, 4 levels left

rFire  . . .     SeeInvis .     a - +1 hand crossbow
rCold  . . .     Gourm    .     s - +0 leather armour
rNeg   . . .     Faith    .     (no shield)
rPois  .         Spirit   .     (no helmet)
rElec  .         Reflect  .     (no cloak)
rCorr  +         Harm     .     e - +2 pair of gloves
MR     .....                    (no boots)
Stlth  ++........               o - amulet of regeneration
                                x - ring of flight
                                k - ring of resist corrosion

@: lethally poisoned (0 -> -6), about to teleport
A: high mp 1
a: Evoke Flight


You were on level 3 of the Dungeon.
You were not hungry.

You visited 1 branch of the dungeon, and saw 3 of its levels.

You collected 56 gold pieces.

Inventory:

Hand Weapons
 a - a +1 hand crossbow (weapon)
 b - a +0 short sword
 n - a +1 dagger of speed
 u - a +2 short sword of speed
 y - a +0 spear
Missiles
 d - 10 bolts (quivered)
 g - 67 stones
 p - 16 poisoned needles
 t - 21 sling bullets
Armour
 c - a +0 leather armour
 e - a +2 pair of gloves (worn)
 q - a +0 leather armour
 s - a +0 leather armour (worn)
Jewellery
 k - a ring of resist corrosion (left hand)
 l - an uncursed ring of resist corrosion
 o - an amulet of regeneration (around neck)
 x - a ring of flight (right hand)
Wands
 z - a wand of teleportation (5/9)
Scrolls
 v - a scroll of teleportation
Potions
 h - a potion of berserk rage {unknown}
 i - a potion of lignification {unknown}
 w - 2 potions of curing {unknown}
Comestibles
 f - 5 bread rations
 j - a fruit
 m - 2 meat rations
 r - 3 beef jerkies
 A - a chunk of flesh


   Skills:
 + Level 2.2 Fighting
 + Level 5.4 Crossbows
 + Level 1.8 Armour
 + Level 2.3 Dodging
 + Level 1.7 Stealth


You had 4 spell levels left.
You didn't know any spells.

Dungeon Overview and Level Annotations

Branches:
Dungeon (3/15)


Innate Abilities, Weirdness & Mutations

You have an increased reservoir of magic. (+10% MP)


Message History

Firing (i - inventory. (,) - cycle):
d - 10 bolts (quivered)
Press: ? - help, Shift-Dir - straight line, f/p - killer bee
Aim: a killer bee (moderately wounded)
Okay, then.
As you read the scroll of teleportation, it crumbles to dust.
You feel strangely unstable.
You feel sick. The killer bee stings you.
* * * LOW HITPOINT WARNING * * *
You are lethally poisoned!
The killer bee poisons you! The killer bee barely misses you.
The killer bee stings you but does no damage.
The killer bee barely misses you.
Some of the chunks of flesh in your inventory have rotted away.
* * * LOW HITPOINT WARNING * * *
You feel sick. The killer bee barely misses you.
A killer bee comes into view.
* * * LOW HITPOINT WARNING * * *
You feel sick.
* * * LOW HITPOINT WARNING * * *
You feel sick. The killer bee stings you.
You die...

# ........#............#
# ####.##.#.#...########
# #. ....##### # ##.###
#.# #.# #.# ####
#.######## ...###
#.##@.y.(# ...#.##
#.##.y##(# #..#.##
##.##.#.#.##
##.###.#####...........#
#.## ##........y...#(##.
#..###.#####...#..##.#
....#.## ##.##.## (#
#..#.## #.##.# .# ...###
#.##..


You could see 3 killer bees.

Vanquished Creatures
  A killer bee (D:3)
  Natasha (thrice) (D:2)
  Ijyb (D:3)
  3 gnolls (D:2)
  An adder (D:2)
  An ooze (D:2)
  A worm (D:2)
  A dart slug (D:2)
  3 leopard geckos
  A ball python (D:2)
  6 bats
  4 giant cockroaches
  6 goblins
  3 hobgoblins
  7 kobolds
  A quokka (D:2)
  3 frilled lizards
  2 rats
48 creatures vanquished.

Notes
Turn   | Place    | Note
-------+----------+-------------------------------------------
     0 | D:1      | Sharradak the Demigod Hunter began the quest for the Orb.
     0 | D:1      | Reached XP level 1. HP: 17/17 MP: 3/3
   294 | D:1      | Reached skill level 4 in Crossbows
   526 | D:1      | Reached XP level 2. HP: 24/24 MP: 4/4
   812 | D:2      | Noticed Natasha
   815 | D:2      | Killed Natasha
   815 | D:2      | Reached skill level 1 in Stealth
   815 | D:2      | Reached XP level 3. HP: 29/29 MP: 5/5
   833 | D:2      | Noticed Natasha
   836 | D:2      | Killed Natasha
  1010 | D:2      | Reached XP level 4. HP: 33/36 MP: 6/6
  1179 | D:2      | Noticed Natasha
  1219 | D:2      | Killed Natasha
  1219 | D:2      | Reached skill level 1 in Armour
  1331 | D:2      | Found a shadowy altar of Dithmenos.
  1380 | D:2      | Reached skill level 5 in Crossbows
  1778 | D:3      | Reached XP level 5. HP: 41/41 MP: 7/7
  1842 | D:3      | Noticed Ijyb
  1847 | D:3      | Killed Ijyb
  2107 | D:3      | HP: 2/41 [poisoned by a killer bee]
  2108 | D:3      | Slain by a killer bee

Skill      XL: |  1  2  3  4 |
---------------+-------------+-----
Crossbows      | 4 5 |  5.4
Dodging        | 2 |  2.3
Stealth        | 1 |  1.7
Fighting       | 2 |  2.2
Armour         | 1 |  1.8

Action                   |  1- 3 |  4- 6 || total
-------------------------+-------+-------++-------
Melee: Short sword       |     8 |     1 ||     9
       Dagger            |    19 |     1 ||    20
 Fire: Hand crossbow     |    30 |    63 ||    93
  Use: Scroll            |     5 |     6 ||    11
  Eat: Chunk             |       |     3 ||     3
       Fruit             |       |     1 ||     1
Armor: Leather armour    |    18 |    13 ||    31
Dodge: Dodged            |    45 |    26 ||    71
